 Dungeon Crawl Stone Soup version 0.22.1-1-ga44c0e5 (webtiles) character file.

9867 Folque the Slinger (level 11, -8/67 HPs)
             Began as a Halfling Hunter on Sept 26, 2018.
             Was a Priest of Zin.
             Mangled by a two-headed ogre
             ... wielding a +0 giant club
              (23 damage)
             ... on level 10 of the Dungeon.
             The game lasted 01:18:16 (13161 turns).

Folque the Slinger (Halfling Hunter)               Turns: 13161, Time: 01:18:16

Health: -8/67      AC:  9    Str: 13    XL:     11   Next: 82%
Magic:  17/17      EV: 21    Int:  9    God:    Zin [***...]
Gold:   81         SH:  7    Dex: 19    Spells: 10/10 levels left

rFire    . . .     SeeInvis .   e - +0 rapier (venom)
rCold    . . .     Gourm    .   h - +0 buckler (curse)
rNeg     . . .     Faith    .   c - +0 leather armour
rPois    .         Spirit   .   d - +0 helmet
rElec    .         Reflect  .   v - +0 cloak
rCorr    .         Harm     .   K - +0 pair of gloves
MR       .....                  g - +1 pair of boots
Stlth    ++........             (no amulet)
HPRegen  0.21/turn              (no ring)
MPRegen  0.15/turn              (no ring)

@: no status effects
A: small, mutation resistance 1
a: Recite, Vitalisation, Imprison, Donate Gold, Renounce Religion


You were on level 10 of the Dungeon.
You worshipped Zin.
Zin was most pleased with you.
You were hungry.

You visited 2 branches of the dungeon, and saw 12 of its levels.
You also visited: Sewer.

You collected 551 gold pieces.
You donated 470 gold pieces to Zin.

Inventory:

Hand Weapons
 e - a +0 rapier of venom (weapon)
 w - a +1 hunting sling
 x - a +1 morningstar of holy wrath
 I - a +0 short sword
 S - a +0 antimagic falchion
Missiles
 a - 208 stones (quivered)
 q - 15 sling bullets
 B - 16 poisoned needles
 G - 2 tomahawks of returning
 J - 5 tomahawks
Armour
 c - a +0 leather armour (worn)
 d - a +0 helmet (worn)
 g - a +1 pair of boots (worn)
 h - a cursed +0 buckler (worn)
 o - a +0 cloak
 v - a +0 cloak (worn)
 K - a +0 pair of gloves (worn)
Jewellery
 b - an uncursed ring of fire {unknown}
 p - a cursed ring of teleportation {unknown}
 u - an uncursed amulet of faith
 P - an uncursed amulet of regeneration {unknown}
 U - a +2 ring of dexterity {unknown}
Wands
 C - a wand of digging (28)
 D - a wand of paralysis (9)
 N - a wand of acid (8)
Scrolls
 i - a scroll of enchant armour {unknown}
 r - 2 scrolls of fog
 y - a scroll of immolation
 z - a scroll of blinking
 F - 2 scrolls of magic mapping {unknown}
 L - 2 scrolls of identify
 M - 2 scrolls of noise {unknown}
 Q - 3 scrolls of brand weapon {unknown}
 R - a scroll of enchant weapon {unknown}
Potions
 j - a potion of mutation {unknown}
 k - 3 potions of brilliance
 l - 2 potions of agility
 m - a potion of invisibility {unknown}
 n - 3 potions of lignification
 s - 5 potions of curing
 t - 2 potions of magic {unknown}
 A - a potion of resistance {unknown}
 E - a potion of degeneration {unknown}
 H - a potion of ambrosia {unknown}
 O - a potion of might {unknown}
 T - a potion of haste
Comestibles
 f - 22 rations


   Skills:
 - Level 3.0 Fighting
 + Level 8.5 Short Blades
 - Level 4.0 Maces & Flails
 - Level 13.1 Slings
 - Level 4.1 Armour
 * Level 8.0 Dodging
 - Level 1.1 Stealth
 - Level 5.3 Shields
 - Level 9.3 Invocations


You had 10 spell levels left.
You didn't know any spells.
Your spell library contained the following spells:

 Spells                   Type           Power        Failure   Level  Hunger
 Corona                   Hex            #......      45%         1    ##.....
 Ensorcelled Hibernation  Hex/Ice        #.....       61%         2    ###....
 Confuse                  Hex            #.......     83%         3    ####...
 Dazzling Spray           Conj/Hex       #.....       83%         3    ####...
 Tukima's Dance           Hex            #.......     83%         3    ####...
 Bolt of Magma            Conj/Fire/Erth #.........   100%        5    ######.
 Iskenderun's Battlesphe  Conj/Chrm      #.......     100%        5    ######.
 Venom Bolt               Conj/Pois      #.........   100%        5    ######.
 Iron Shot                Conj/Erth      #.........   100%        6    #######
 Orb of Destruction       Conj           #.........   100%        7    #######
 Spellforged Servitor     Conj/Summ      #.........   100%        7    #######


Dungeon Overview and Level Annotations

Branches:
Dungeon (11/15)            Temple (1/1) D:6            Lair (0/6) D:9
    Orc: D:9-12

Altars:
Ashenzari
Cheibriados
Dithmenos
Elyvilon
Fedhas
Gozag
Hepliaklqana
Kikubaaqudgha
Makhleb
Nemelex Xobeh
Okawaru
Qazlal
Ru
Sif Muna
Trog
Uskayaw
Vehumet
Wu Jian
Xom
Yredelemnul
Zin
The Shining One


Innate Abilities, Weirdness & Mutations

You are small and have problems with some larger weapons.
You are somewhat resistant to further mutation.


Message History

You kill the sky beast!
You see here a sky beast corpse.
You feel better.
There is a stone staircase leading down here.
You climb downwards.
The two-headed ogre closely misses you.
The two-headed ogre hits you with a giant club!
* * * LOW HITPOINT WARNING * * *
There is a stone staircase leading up, spattered with blood here.
You clear your throat and prepare to recite. "Zin saw the discord of the hordes of the Abyss, and..."
The two-headed ogre hits you with a giant club.
* * * LOW HITPOINT WARNING * * *
The two-headed ogre closely misses you. "...was displeased, for did the law not say that..." "...those who did not become harmonic would be expelled?"
You finish reciting Apostates 6:40.
There is an open door, spattered with blood here.
The two-headed ogre closely misses you.
The two-headed ogre hits you with a giant club!!
You die...

#......# #####......##
#######...###.....#
............#.....#
............'.....#
............#.....#
##.########.#.....#+##
##+####..##.###O.....#
...#.....#....#.@....#
...#.....'....#......#
...#.....#....#......#
...+.....#....#......#
#..###...###'##......#
#..###...#.......#+###
#........#.......#
#........#.......#
#........#.......#


You could see a two-headed ogre.

Vanquished Creatures
  2 two-headed ogres
  Pikel (D:8)
  An ugly thing (D:8)
  A komodo dragon (D:11)
  4 trolls
  A spriggan (D:8)
  2 wyverns
  3 yaks (D:7)
  A hungry ghost (D:9)
  Menkaure (D:6)
  Duvessa (D:5)
  An ice beast (D:9)
  3 orc warriors
  3 black bears
  An eye of draining (D:9)
  2 ogres
  3 sky beasts
  A phantom (D:7)
  2 necrophages
  A centaur (D:9)
  A crocodile (D:9)
  A big kobold (D:11)
  11 bullfrogs
  Dowan (D:5)
  5 scorpions
  11 killer bees
  4 wights (D:8)
  3 howler monkeys (D:7)
  A centaur zombie (D:5)
  7 crimson imps
  3 bullfrog zombies
  2 jellies
  A quasit (D:7)
  4 centaur skeletons
  10 hounds
  An orc priest (D:9)
  3 bullfrog skeletons
  A gnoll shaman (D:9)
  9 orc wizards
  Ijyb (D:5)
  An iguana (D:4)
  8 worker ants
  A hound skeleton (D:4)
  3 worker ant zombies
  9 gnolls
  A howler monkey skeleton (D:6)
  2 river rats (Sewer)
  12 adders
  4 shadow imps
  2 oozes (D:3)
  2 adder zombies (D:7)
  2 adder skeletons
  4 worms
  A dart slug (D:1)
  6 leopard geckos
  27 orcs
  6 bats
  8 giant cockroaches
  6 goblins
  8 hobgoblins
  6 jackals (D:6)
  A quokka (D:7)
  6 ball pythons
  11 frilled lizards
  8 kobolds
  A quokka skeleton (D:4)
  9 rats
270 creatures vanquished.

Vanquished Creatures (others)
  4 slaves (D:8)
  A centaur zombie (D:8)
  2 orc wizards (D:8)
  A leopard gecko (D:8)
  2 fungi (D:9)
10 creatures vanquished.

Grand Total: 280 creatures vanquished

Notes
Turn   | Place    | Note
-------+----------+-------------------------------------------
     0 | D:1      | Folque the Halfling Hunter began the quest for the Orb.
     0 | D:1      | Reached XP level 1. HP: 14/14 MP: 1/1
   233 | D:1      | Reached skill level 6 in Slings
   281 | D:1      | Reached XP level 2. HP: 15/19 MP: 2/2
   978 | D:1      | Reached XP level 3. HP: 24/25 MP: 3/3
  1955 | D:3      | Reached XP level 4. HP: 16/31 MP: 4/4
  2235 | D:3      | Reached skill level 7 in Slings
  2235 | D:3      | Reached skill level 1 in Shields
  2436 | D:3      | Found a glowing drain.
  2446 | Sewer    | Entered a sewer
  2606 | Sewer    | Reached XP level 5. HP: 25/36 MP: 5/5
  3590 | D:4      | Reached XP level 6. HP: 42/42 MP: 6/6
  3742 | D:4      | Reached skill level 8 in Slings
  4036 | D:4      | Found an iron altar of Okawaru.
  4049 | D:4      | Reached XP level 7. HP: 33/46 MP: 7/7
  4702 | D:5      | Entered Level 5 of the Dungeon
  4821 | D:5      | Noticed Dowan
  4822 | D:5      | Noticed Duvessa
  4843 | D:5      | Noticed Ijyb
  4858 | D:5      | Reached skill level 1 in Short Blades
  5227 | D:5      | Reached XP level 8. HP: 42/52 MP: 8/8
  5419 | D:5      | Killed Ijyb
  5419 | D:5      | Reached skill level 1 in Maces & Flails
  5419 | D:5      | Reached skill level 9 in Slings
  5419 | D:5      | Reached skill level 5 in Dodging
  5499 | D:5      | Killed Duvessa
  5505 | D:5      | Killed Dowan
  5537 | D:5      | Got a faintly glowing flail {drain}
  5538 | D:5      | Identified the +4 flail of the Final Lies {drain, rC- Str-2
                  | Int+7} (You took it off Dowan on level 5 of the Dungeon)
  6298 | D:6      | Noticed Menkaure
  6309 | D:6      | Killed Menkaure
  6309 | D:6      | Reached skill level 10 in Slings
  6650 | D:6      | Reached XP level 9. HP: 55/55 MP: 9/9
  7031 | D:6      | Found a staircase to the Ecumenical Temple.
  7039 | Temple   | Entered the Ecumenical Temple
  7051 | Temple   | Became a worshipper of Zin the Law-Giver
  7051 | Temple   | Reached * piety under Zin
  7053 | Temple   | Donated 170 gold pieces to Zin
  7065 | Temple   | Reached ** piety under Zin
  7431 | D:7      | Reached skill level 11 in Slings
  7488 | D:7      | Reached skill level 1 in Invocations
  7996 | D:7      | Reached skill level 5 in Short Blades
  8005 | D:7      | Reached XP level 10. HP: 44/62 MP: 12/12
  8244 | D:8      | Noticed Pikel
  8262 | D:8      | Killed Pikel
  8262 | D:8      | Reached skill level 12 in Slings
  8262 | D:8      | Reached skill level 5 in Invocations
  9062 | D:8      | Reached *** piety under Zin
  9299 | D:8      | Donated 125 gold pieces to Zin
  9907 | D:9      | Reached skill level 13 in Slings
  9960 | D:9      | Noticed a two-headed ogre
  9960 | D:9      | Noticed a green ugly thing
 10081 | D:8      | Killed a green ugly thing
 10081 | D:8      | Reached skill level 1 in Armour
 10190 | D:8      | Killed a two-headed ogre
 10190 | D:8      | Reached XP level 11. HP: 21/66 MP: 16/16
 10191 | D:8      | Donated 62 gold pieces to Zin
 10482 | D:9      | Found a staircase to the Lair.
 10968 | D:9      | Found a shadowy altar of Dithmenos.
 11414 | D:9      | Found a shimmering altar of Xom.
 11565 | D:9      | You fall through a shaft for 2 floors!
 11752 | D:11     | Noticed a two-headed ogre
 11955 | D:11     | Killed a two-headed ogre
 11955 | D:11     | Reached skill level 5 in Shields
 12488 | D:10     | Entered Level 10 of the Dungeon
 12531 | D:9      | Donated 58 gold pieces to Zin
 13091 | D:10     | Noticed a two-headed ogre
 13161 | D:10     | Mangled by a two-headed ogre

Skill      XL: |  1  2  3  4  5  6  7  8  9 10 11 |
---------------+----------------------------------+-----
Fighting       | 2 3 |  3.0
Slings         | 6 7 8 10 11 13 | 13.1
Shields        | 1 2 4 5 |  5.3
Dodging        | 3 4 6 7 8 |  8.0
Short Blades   | 2 5 7 8 |  8.5
Maces & Flails | 3 4 |  4.0
Invocations    | 3 7 9 |  9.3
Armour         | 3 4 |  4.1
Stealth        | |  1.1

Action                   |  1- 3 |  4- 6 |  7- 9 | 10-12 || total
-------------------------+-------+-------+-------+-------++-------
Melee: Short sword       |    90 |   166 |   110 |       ||   366
       Morningstar       |       |       |    80 |    46 ||   126
       Rapier            |       |       |    69 |   325 ||   394
 Fire: Hunting sling     |    33 |   103 |   218 |   266 ||   620
Invok: Recite            |       |       |     2 |    33 ||    35
       Donate Gold       |       |       |     2 |     3 ||     5
       Vitalisation      |       |       |     1 |     8 ||     9
       Imprison          |       |       |       |     2 ||     2
Evoke: Wand              |       |       |       |     1 ||     1
  Use: Scroll            |     4 |     3 |     4 |     7 ||    18
       Potion            |       |       |       |     7 ||     7
 Stab: Sleeping          |     3 |     4 |     3 |     1 ||    11
       Confused          |       |       |       |     1 ||     1
       Invisible         |       |       |       |     1 ||     1
  Eat: Chunk             |     3 |     7 |    12 |     9 ||    31
       Ration            |       |       |       |     2 ||     2
Armor: Leather armour    |    20 |    60 |    60 |    50 ||   190
Dodge: Dodged            |    63 |   175 |   272 |   377 ||   887
Block: Buckler           |       |       |   120 |   170 ||   290
